 Dungeon Crawl Stone Soup version 0.29.0-4-gdea44cf6ec (webtiles) character file.

Game seed: 6555678742476973941

438 qw the Chopper (level 7, -8/41 HPs)
             Began as a Tengu Warper on Aug 28, 2022.
             Mangled by Edmund
             ... wielding a +2 dire flail of venom
              (14 damage)
             ... on level 4 of the Dungeon.
             The game lasted 00:00:29 (4545 turns).

qw the Chopper (Tengu Warper)                       Turns: 4545, Time: 00:00:29

Health: -8/41      AC:  7    Str: 14    XL:     7   Next: 1%
Magic:  11/11      EV: 11    Int: 13    God:
Gold:   139        SH:  0    Dex: 13    Spells: 10/10 levels left

rFire   . . .      SeeInvis .   Y - +2 hand axe (venom)
rCold   . . .      Faith    .   (no shield)
rNeg    . . .      Spirit   .   e - +0 scale mail
rPois   .          Reflect  .   (helmet restricted)
rElec   .          Harm     .   (no cloak)
rCorr   .          Rampage  .   h - +0 pair of gloves
Will    .....                   (boots unavailable)
Stlth   ..........              (no amulet)
HPRegen 0.13/turn               (no ring)
MPRegen 0.12/turn               (no ring)

@: lethally poisoned (-8 -> -23), flying quickly and evasively, quick
A: beak, talons 3, nimble flight
a: no special abilities


You were on level 4 of the Dungeon.
You visited 1 branch of the dungeon, and saw 4 of its levels.

You collected 139 gold pieces.


Innate Abilities, Weirdness & Mutations

You have a beak for a mouth.
You have claws for feet.
Your magical nature lets you fly swiftly and evasively.


   Skills:
 - Level 3.2 Fighting
 + Level 7.4 Axes
 - Level 1.0 Throwing
 - Level 1.1 Armour
 - Level 2.1 Dodging
 - Level 2.0 Spellcasting
 - Level 2.4 Translocations


You had 10 spell levels left.
You didn't know any spells.
Your spell library contained the following spells:

 Spells                   Type           Power      Damage    Failure   Level
 Blink                    Tloc           14%        N/A       54%         2
 Gell's Gravitas          Tloc           7%         N/A       77%         3
 Lesser Beckoning         Tloc           7%         N/A       77%         3
 Teleport Other           Tloc           7%         N/A       77%         3
 Manifold Assault         Tloc           7%         N/A       100%        5

Inventory:

Hand Weapons
 d - a +0 whip
 Y - a +2 hand axe of venom (weapon)
Armour
 e - a +0 scale mail (worn)
 h - a +0 pair of gloves (worn)
Scrolls
 a - a scroll of identify
Potions
 f - a potion of haste
 g - a potion of might
 k - a potion of resistance

Dungeon Overview and Level Annotations

Branches:
Dungeon (4/15)             Temple (0/1) D:4

Altars:
Ru

Shops:
D:1 *

Annotations:
D:4 Edmund


Message History

You kill the iguana!
You have reached level 7!
You see here 9 stones.
You reach down and open the door.
There is an open door here.
Edmund the Younger comes into view.
He is wielding a +2 dire flail of venom.
Edmund shouts!
Edmund moves out of view.
You barely miss Edmund. Your kick misses Edmund. Edmund misses you.
You hit Edmund but do no damage.
Edmund is poisoned.
Your kick misses Edmund. Your peck misses Edmund. Edmund misses you.
You hit Edmund but do no damage.
Edmund looks as sick as possible!
Edmund hits you with a +2 dire flail of venom.
You are poisoned.
You hit Edmund but do no damage.
Edmund looks as sick as possible!
Your kick misses Edmund.
You feel very sick.
You closely miss Edmund. You claw Edmund, but do no damage.
You peck Edmund, but do no damage.
Edmund is lightly wounded.
You feel very sick.
Edmund hits you with a +2 dire flail of venom!
You are lethally poisoned!
You hit Edmund. You peck Edmund.
Edmund is moderately wounded.
You feel extremely sick. Edmund barely misses you.
You hit Edmund.
Edmund looks as sick as possible!
You claw Edmund, but do no damage. You peck Edmund, but do no damage.
Edmund is moderately wounded.
You feel very sick. Edmund closely misses you.
You hit Edmund but do no damage.
Edmund looks as sick as possible!
You claw Edmund, but do no damage.
Edmund is moderately wounded.
You feel very sick.
Edmund hits you with a +2 dire flail of venom!
You die...

######### ......@@#
......#.#
##############+#'###########
..............<............#
..#########................#
..###...###................#
..##....##.................#
...+....++...>...........###
..##....##.....#'##......#


You could see Edmund (extremely poisoned).

Vanquished Creatures
  A water moccasin (D:4)
  2 hounds (D:4)
  An orc priest (D:4)
  2 iguanas (D:4)
  An orc wizard (D:4)
  A gnoll (D:1)
  4 adders
  A worm (D:4)
  3 dart slugs
  6 orcs
  4 ball pythons
  9 bats
  11 endoplasms
  3 giant cockroaches
  8 goblins
  7 hobgoblins
  12 jackals
  10 kobolds
  7 quokkas (D:1)
  A frilled lizard (D:2)
  2 rats (D:1)
96 creatures vanquished.

Notes
Turn   | Place    | Note
-------+----------+-------------------------------------------
     0 | D:1      | qw the Tengu Warper began the quest for the Orb.
     0 | D:1      | Reached XP level 1. HP: 12/12 MP: 4/4
     0 | D:1      | 0 ||| qw: Version: 0.1-a-89-g26bdef1
     0 | D:1      | 0 ||| qw: Game counter: 211
     0 | D:1      | 0 ||| qw: Always use a shield: true
     0 | D:1      | 0 ||| qw: God list: Okawaru
     0 | D:1      | 0 ||| qw: Allow faded altars: false
     0 | D:1      | 0 ||| qw: Do Orc after D:15 true
     0 | D:1      | 0 ||| qw: Do second Lair branch before Depths: true
     0 | D:1      | 0 ||| qw: Lair rune preference: random
     0 | D:1      | 0 ||| qw: Plans: Normal
     0 | D:1      | 0 ||| PLANNING D:1-11
    27 | D:1      | HP: 3/12 [hobgoblin (2)]
   285 | D:1      | Reached XP level 2. HP: 13/17 MP: 6/6
   401 | D:1      | Reached skill level 3 in Axes
   611 | D:1      | Found Fufeg's General Store.
   627 | D:1      | 627 ||| SHOPLISTING +5 plate armour "Rarroezu" {Contam
                  | Str+7 Dex-5} (536 gold, have 24).
   627 | D:1      | 627 ||| SHOPLISTING scroll of brand weapon (95 gold, have
                  | 24).
   796 | D:1      | Reached XP level 3. HP: 21/21 MP: 7/7
   976 | D:1      | Found a faded altar of an unknown god.
  1072 | D:1      | Reached skill level 4 in Axes
  1463 | D:1      | 1463 ||| READING 2 scrolls labelled HUNAUZEMUS.
  1464 | D:1      | 1464 ||| READING 2 scrolls labelled YNECSO OQOXA.
  1467 | D:1      | 1467 ||| READING scroll labelled GUENKE FIEZA.
  1468 | D:1      | 1468 ||| READING scroll labelled LUBLYPR GEETZ.
  1469 | D:1      | 1469 ||| DRINKING 2 fizzy emerald potions.
  1470 | D:1      | 1470 ||| DRINKING 2 white potions.
  1471 | D:1      | 1471 ||| DROPPING scroll of blinking.
  1472 | D:1      | 1472 ||| DROPPING potion of degeneration.
  1473 | D:1      | 1473 ||| DROPPING potion of brilliance.
  1538 | D:2      | Reached XP level 4. HP: 26/26 MP: 8/8
  1600 | D:2      | 1600 ||| Stepping ~*~*~tactically~*~*~ (stealth).
  1607 | D:2      | 1607 ||| Stepping ~*~*~tactically~*~*~ (stealth).
  1660 | D:2      | 1660 ||| Stepping ~*~*~tactically~*~*~ (stealth).
  1663 | D:2      | 1663 ||| Stepping ~*~*~tactically~*~*~ (stealth).
  1670 | D:2      | 1670 ||| Stepping ~*~*~tactically~*~*~ (stealth).
  2096 | D:2      | Found a sacrificial altar of Ru.
  2164 | D:2      | Reached skill level 5 in Axes
  2581 | D:2      | 2581 ||| UPGRADING to +0 scale mail.
  2591 | D:2      | 2591 ||| DROPPING +0 leather armour.
  2592 | D:2      | 2592 ||| READING 2 scrolls labelled UCENUELLAAC.
  2593 | D:2      | 2593 ||| READING scroll of enchant weapon.
  2593 | D:2      | 2593 ||| ENCHANTING +1 hand axe of venom.
  2594 | D:2      | 2594 ||| READING scroll labelled XUTHRE SUZEJ DEV.
  2595 | D:2      | 2595 ||| READING scroll labelled XAFFUJ QAXTOI.
  2596 | D:2      | 2596 ||| READING 3 scrolls of identify.
  2596 | D:2      | 2596 ||| IDENTIFYING sapphire potion
  2597 | D:2      | 2597 ||| READING 2 scrolls of identify.
  2597 | D:2      | 2597 ||| IDENTIFYING metallic silvery potion
  2598 | D:2      | 2598 ||| DROPPING potion of ambrosia.
  2614 | D:3      | 2614 ||| Stepping ~*~*~tactically~*~*~ (hiding).
  2677 | D:3      | 2677 ||| FLEEEEING.
  2678 | D:3      | 2678 ||| FLEEEEING.
  2679 | D:3      | 2679 ||| FLEEEEING.
  2680 | D:3      | 2680 ||| STAIRDANCE
  2789 | D:2      | 2789 ||| READING scroll labelled POECUK CIREBA.
  2890 | D:3      | 2890 ||| Stepping ~*~*~tactically~*~*~ (stealth).
  3264 | D:3      | Gained mutation: Your magical nature lets you fly swiftly
                  | and evasively. [Tengu growth]
  3264 | D:3      | Reached XP level 5. HP: 30/30 MP: 9/9
  3293 | D:3      | 3293 ||| READING 3 scrolls of identify.
  3293 | D:3      | 3293 ||| IDENTIFYING golden potion
  3344 | D:4      | 3344 ||| Stepping ~*~*~tactically~*~*~ (stealth).
  3345 | D:4      | 3345 ||| Stepping ~*~*~tactically~*~*~ (stealth).
  3439 | D:4      | 3439 ||| FLEEEEING.
  3440 | D:4      | 3440 ||| FLEEEEING.
  3534 | D:4      | 3534 ||| Stepping ~*~*~tactically~*~*~ (stealth).
  3558 | D:4      | 3558 ||| Stepping ~*~*~tactically~*~*~ (hiding).
  3559 | D:4      | 3559 ||| Stepping ~*~*~tactically~*~*~ (hiding).
  3567 | D:4      | Reached skill level 6 in Axes
  3815 | D:4      | Noticed a water moccasin
  3822 | D:4      | Killed a water moccasin
  3823 | D:4      | Reached skill level 7 in Axes
  3823 | D:4      | Reached XP level 6. HP: 33/35 MP: 10/10
  4092 | D:4      | HP: 5/36 [iguana (10)]
  4093 | D:4      | 4093 ||| READING scroll of teleportation.
  4094 | D:4      | 4094 ||| DRINKING potion of heal wounds.
  4295 | D:4      | Found a staircase to the Ecumenical Temple.
  4296 | D:4      | 4296 ||| PLANNING TEMPLE
  4296 | D:4      | 4296 ||| UPGRADING to +0 pair of gloves.
  4301 | D:4      | 4301 ||| READING scroll labelled MOUJEFI SUOSM.
  4302 | D:4      | 4302 ||| READING 3 scrolls of identify.
  4302 | D:4      | 4302 ||| IDENTIFYING bubbling green potion
  4303 | D:4      | 4303 ||| READING 2 scrolls of identify.
  4303 | D:4      | 4303 ||| IDENTIFYING red potion
  4304 | D:4      | 4304 ||| Stepping randomly (stuck).
  4400 | D:4      | Reached skill level 3 in Fighting
  4490 | D:4      | Reached XP level 7. HP: 41/41 MP: 11/11
  4535 | D:4      | Noticed Edmund
  4544 | D:4      | HP: 10/41 [poisoned by Edmund]
  4545 | D:4      | Mangled by Edmund

Levels and vault maps discovered:
D:1:      psy_arrival_statuary, layout_basic,
          shapermc_ecumenical_altar_mp_highgroup, serial_shops, shop,
          minmay_splitting_lines, nicolae_kite_square_tiling_tiny,
          serial_park_tiny_1
D:2:      layout_basic, basic_altar, minmay_misc_feat_pillars
D:3:      layout_basic
D:4:      layout_basic, lemuel_temple_firewalk_b, uniq_edmund

Skill      XL: |  1  2  3  4  5  6 |
---------------+-------------------+-----
Axes           | 3 4 5 7 |  7.4
Fighting       | 3 |  3.2
Throwing       | |  1.0
Armour         | |  1.1
Dodging        | |  2.1
Spellcasting   | |  2.0
Translocations | |  2.4

Action                   |  1- 3 |  4- 6 |  7- 9 || total
-------------------------+-------+-------+-------++-------
Melee: Hand axe          |    77 |   151 |     8 ||   236
       Kick              |    19 |    28 |     3 ||    50
       Peck              |     7 |    16 |     3 ||    26
       Punch             |     2 |     2 |       ||     4
Throw: Boomerang         |     7 |       |       ||     7
  Use: Scroll            |     4 |    12 |       ||    16
       Potion            |     2 |     1 |       ||     3
Armor: Leather armour    |    16 |    11 |       ||    27
       Scale mail        |       |    36 |       ||    36
Dodge: Dodged            |    47 |    59 |     4 ||   110

Table legend:
 A = Non-vault XP
 B = Vault XP
 C = Vault XP percentage of total XP
 D = Non-vault monster count
 E = Vault monster count
 F = Vault count percentage of total count
                 A         B        C        D         E       F
            +---------+---------+-------+---------+---------+-------
      Total |     626 |       0 |   0.0 |      96 |       0 |   0.0
            +---------+---------+-------+---------+---------+-------
        D:1 |      67 |       0 |   0.0 |      30 |       0 |   0.0
        D:2 |      60 |       0 |   0.0 |      19 |       0 |   0.0
        D:3 |      38 |       0 |   0.0 |      20 |       0 |   0.0
        D:4 |     461 |       0 |   0.0 |      27 |       0 |   0.0
            +---------+---------+-------+---------+---------+-------
